 Dungeon Crawl Stone Soup version 0.28.0-53-g5a82cb258f (webtiles) character file.

Game seed: 2978877689462359104

4453 DocClef the Blocker (level 10, -8/82 HPs)
             Began as a Gnoll Fighter on June 29, 2022.
             Was an Elder of Okawaru.
             Mangled by a two-headed ogre
             ... wielding a +0 giant club
              (15 damage)
             ... on level 10 of the Dungeon.
             The game lasted 00:11:36 (12204 turns).

DocClef the Blocker (Gnoll Fighter)                Turns: 12204, Time: 00:11:37

Health: -8/82      AC: 18    Str: 19    XL:     10   Next: 37%
Magic:  17/17      EV: 10    Int:  9    God:    Okawaru [****..]
Gold:   475        SH:  6    Dex: 17    Spells: 19/19 levels left

rFire   + . .      SeeInvis .   G - +1 whip (elec)
rCold   . . .      Faith    .   c - +0 buckler
rNeg    + . .      Spirit   .   F - +2 chain mail "Ewyefud" {rElec rN+ rCorr}
rPois   .          Reflect  .   (no helmet)
rElec   +          Harm     .   (no cloak)
rCorr   +          Rampage  .   (no gloves)
Will    .....      Clarity  +   D - +0 pair of boots
Stlth   ..........              (no amulet)
HPRegen 0.23/turn               p - +4 ring of protection
MPRegen 0.15/turn               v - +6 ring of dexterity

@: no status effects
A: fangs 1, strong nose, distributed training, clarity, fire resistance 1
a: Renounce Religion, Heroism, Finesse


You were on level 10 of the Dungeon.
You worshipped Okawaru.
Okawaru was greatly pleased with you.
You visited 2 branches of the dungeon, and saw 11 of its levels.

You collected 475 gold pieces.

Inventory:

Hand Weapons
 k - a +0 flail of holy wrath
 A - a +1 whip of venom
 G - a +1 whip of electrocution (weapon)
Missiles
 u - 4 silver javelins (quivered)
Armour
 c - a +0 buckler (worn)
 d - a +0 plate armour
 D - a +0 pair of boots (worn)
 F - the +2 chain mail "Ewyefud" (worn) {rElec rN+ rCorr}
   (You found it on level 9 of the Dungeon)

   rElec:     It insulates you from electricity.
   rN:        It protects you from negative energy.
   rCorr:     It protects you from acid and corrosion.
Jewellery
 p - a +4 ring of protection (left hand)
 v - a +6 ring of dexterity (right hand)
 w - a ring of see invisible
 E - a ring of willpower
Wands
 B - a wand of acid (4)
Scrolls
 h - 3 scrolls of teleportation {unknown}
 i - 2 scrolls of amnesia {unknown}
 j - a scroll of magic mapping {unknown}
 m - 3 scrolls of vulnerability {unknown}
 o - a scroll of immolation {unknown}
 q - a scroll of enchant armour {unknown}
 r - 5 scrolls of identify {unknown}
 s - a scroll of enchant weapon {unknown}
 y - 3 scrolls of noise {unknown}
 z - a scroll of blinking {unknown}
Potions
 a - a potion of ambrosia {unknown}
 b - a potion of heal wounds {unknown}
 e - 2 potions of curing
 f - 3 potions of might
 g - 3 potions of mutation
 l - a potion of cancellation
 n - 2 potions of lignification
 t - 2 potions of brilliance {unknown}
 x - a potion of degeneration {unknown}
 C - a potion of attraction {unknown}


   Skills:
 + Level 8.5 Fighting
 + Level 5.2 Short Blades
 + Level 5.2 Long Blades
 + Level 5.2 Axes
 + Level 7.0 Maces & Flails
 + Level 5.2 Polearms
 + Level 5.2 Staves
 + Level 5.2 Slings
 + Level 5.2 Bows
 + Level 5.2 Crossbows
 + Level 5.2 Throwing
 + Level 8.5 Armour
 + Level 5.2 Dodging
 + Level 5.2 Stealth
 + Level 8.5 Shields
 + Level 5.2 Unarmed Combat
 + Level 5.2 Spellcasting
 + Level 4.3 Conjurations
 + Level 4.3 Hexes
 + Level 4.3 Summonings
 + Level 4.3 Necromancy
 + Level 4.3 Translocations
 + Level 4.3 Transmutations
 + Level 4.3 Fire Magic
 + Level 4.3 Ice Magic
 + Level 4.3 Air Magic
 + Level 4.3 Earth Magic
 + Level 4.3 Poison Magic
 + Level 5.7 Invocations
 + Level 5.2 Evocations


You had 19 spell levels left.
You didn't know any spells.
Your spell library contained the following spells:

 Spells                   Type           Power      Damage    Failure   Level
 Foxfire                  Conj/Fire      40%        2x1d6     41%         1
 Pain                     Necr           40%        1d6       41%         1
 Conjure Flame            Conj/Fire      10%        6-21      78%         3
 Inner Flame              Hex/Fire       10%        N/A       78%         3
 Vampiric Draining        Necr           10%        2d6       78%         3
 Flame Wave               Conj/Fire      10%        2d5       99%         4
 Animate Skeleton         Necr           Unusable   N/A       N/A         1

Dungeon Overview and Level Annotations

Branches:
Dungeon (10/15)            Temple (1/1) D:7
   Lair: D:8-11         Orc: D:9-12

Altars:
Ashenzari
Cheibriados
Dithmenos
Elyvilon
Fedhas
Gozag
Kikubaaqudgha
Makhleb
Nemelex Xobeh
Okawaru
Qazlal
Ru
Sif Muna
Trog
Uskayaw
Vehumet
Wu Jian
Xom
Yredelemnul
Zin
The Shining One

Annotations:
D:6 3 runed translucent doors, Sin92's ghost, novice DsFi


Innate Abilities, Weirdness & Mutations

You have very sharp teeth.
Your uncanny sense of smell can sniff out nearby items.
Your experience applies equally to all skills.
You possess an exceptional clarity of mind.
Your flesh is heat resistant. (rF+)


Message History

The troll bites you but does no damage. The troll claws you.
The troll claws you but does no damage.
You hit the troll.
The troll is heavily wounded.
A wyvern comes into view.
The troll bites you. The troll claws you! The troll barely misses you.
You barely miss the troll.
The troll is heavily wounded.
The troll misses you. x2; The troll claws you.
You hit the troll.
The troll is severely wounded.
The two-headed ogre hits you with a +0 giant club! x2
* * * LOW HITPOINT WARNING * * *
The troll bites you but does no damage. The troll claws you but does no damage.
You block the troll's attack.
You hit the troll. You bite the troll, but do no damage.
The troll is severely wounded.
Unknown command.
A wraith comes into view.
You block the troll's attack. x2; The troll claws you but does no damage. 4 killer bees come into view.
Found a scale mail.
The killer bee buzzes angrily. x3; You hear an angry buzzing noise.
A killer bee comes into view. x2
The killer bee moves out of view.
You hear an angry buzzing noise.
You miss the killer bee. You block the troll's attack. x2
The troll claws you but does no damage. You block the two-headed ogre's attack.
The two-headed ogre barely misses you.
Unknown command.
Okay, then.
The troll bites you but does no damage. You block the troll's attack.
The troll claws you.
* * * LOW HITPOINT WARNING * * *
The killer bee barely misses you.
Unknown command.
The two-headed ogre hits you with a +0 giant club!
* * * LOW HITPOINT WARNING * * *
The two-headed ogre hits you with a +0 giant club!
You die...

#. #. #.# ## .. #
... ##.## ## ...
.[.. .... .##....
#...##y###.......
#..yyyy@........
####yTO...#..... #
#.lW####..... ..
##.#.# .....
#.####..#.####.....
#......>...<.W#
####..........#
#............#
#..##...(.....#


You could see a two-headed ogre, a troll, a wraith, a wyvern and 6 killer bees.

Vanquished Creatures
  A hornet (D:9)
  A shadow (D:10)
  2 steam dragons
  4 yaks (D:7)
  4 vampire mosquitoes (D:9)
  A water moccasin (D:5)
  2 orc warriors
  An ice beast (D:5)
  2 sky beasts
  A black bear (D:4)
  2 necrophages
  A centaur (D:9)
  2 ogres
  4 bullfrogs
  A wyvern zombie (D:5)
  A gnoll sergeant (D:9)
  2 scorpions (D:5)
  3 killer bees (D:9)
  5 wights (D:9)
  A hound (D:6)
  A centaur zombie (D:5)
  A jelly (D:6)
  A centaur skeleton (D:7)
  8 orc priests
  2 gnoll shamans
  2 orc wizards (D:8)
  3 hound skeletons
  2 howler monkey zombies
  14 gnolls
  2 howler monkey skeletons
  5 adders
  A white imp (D:5)
  An ufetubus (D:5)
  An adder skeleton (D:5)
  A worm (D:2)
  A dart slug (D:2)
  30 orcs
  6 bats
  13 endoplasms
  6 giant cockroaches
  11 goblins
  9 hobgoblins
  5 jackals
  4 quokkas
  5 ball pythons
  4 frilled lizards
  3 kobolds
  10 rats
193 creatures vanquished.

Notes
Turn   | Place    | Note
-------+----------+-------------------------------------------
     0 | D:1      | DocClef the Gnoll Fighter began the quest for the Orb.
     0 | D:1      | Reached XP level 1. HP: 23/23 MP: 1/1
    86 | D:1      | Reached XP level 2. HP: 29/29 MP: 2/2
   224 | D:1      | Reached XP level 3. HP: 27/35 MP: 3/3
   479 | D:1      | Reached skill level 1 in Invocations
  1088 | D:2      | Reached skill level 1 in Short Blades
  1088 | D:2      | Reached skill level 1 in Long Blades
  1088 | D:2      | Reached skill level 1 in Axes
  1088 | D:2      | Reached skill level 1 in Polearms
  1088 | D:2      | Reached skill level 1 in Staves
  1088 | D:2      | Reached skill level 1 in Slings
  1088 | D:2      | Reached skill level 1 in Bows
  1088 | D:2      | Reached skill level 1 in Crossbows
  1088 | D:2      | Reached skill level 1 in Throwing
  1088 | D:2      | Reached skill level 1 in Dodging
  1088 | D:2      | Reached skill level 1 in Stealth
  1088 | D:2      | Reached skill level 1 in Unarmed Combat
  1088 | D:2      | Reached skill level 1 in Spellcasting
  1088 | D:2      | Reached skill level 1 in Evocations
  1107 | D:2      | Reached XP level 4. HP: 34/41 MP: 5/5
  1343 | D:2      | Found a faded altar of an unknown god.
  2223 | D:2      | Reached skill level 1 in Conjurations
  2223 | D:2      | Reached skill level 1 in Hexes
  2223 | D:2      | Reached skill level 1 in Summonings
  2223 | D:2      | Reached skill level 1 in Necromancy
  2223 | D:2      | Reached skill level 1 in Translocations
  2223 | D:2      | Reached skill level 1 in Transmutations
  2223 | D:2      | Reached skill level 1 in Fire Magic
  2223 | D:2      | Reached skill level 1 in Ice Magic
  2223 | D:2      | Reached skill level 1 in Air Magic
  2223 | D:2      | Reached skill level 1 in Earth Magic
  2223 | D:2      | Reached skill level 1 in Poison Magic
  2641 | D:3      | Found an opulent altar of Gozag.
  2645 | D:3      | Reached XP level 5. HP: 46/47 MP: 5/7
  2920 | D:3      | Found an iron altar of Okawaru.
  2989 | D:3      | Became a worshipper of Warmaster Okawaru
  3508 | D:4      | Found a shadowy altar of Dithmenos.
  3734 | D:4      | Noticed an orc warrior
  3779 | D:5      | Entered Level 5 of the Dungeon
  3790 | D:5      | Reached XP level 6. HP: 36/53 MP: 8/8
  3928 | D:5      | Reached skill level 5 in Maces & Flails
  4376 | D:5      | Reached XP level 7. HP: 59/59 MP: 10/10
  4406 | D:5      | Reached * piety under Okawaru
  4851 | D:5      | Noticed a two-headed ogre
  4958 | D:4      | Reached XP level 8. HP: 38/67 MP: 12/12
  5901 | D:4      | Reached ** piety under Okawaru
  6120 | D:5      | HP: 3/67 [two-headed ogre/+0 giant spiked club (5)]
  6898 | D:6      | HP: 3/67 [steam dragon/ball of steam (8)]
  6904 | D:6      | Gained mutation: Your flesh is heat resistant. (rF+)
                  | [potion of mutation]
  6904 | D:6      | Gained mutation: You possess an exceptional clarity of
                  | mind. [potion of mutation]
  7604 | D:6      | Found a runed translucent gate.
  7604 | D:6      | Found a runed translucent gate.
  7604 | D:6      | Found an opulent altar of Gozag.
  7605 | D:6      | Found a runed translucent gate.
  7605 | D:6      | Noticed a yak
  7605 | D:6      | Noticed Sin92's ghost (novice DsFi)
  8034 | D:7      | Found a staircase to the Ecumenical Temple.
  8291 | D:6      | Reached XP level 9. HP: 51/72 MP: 14/14
  9060 | D:7      | Found a white marble altar of Elyvilon.
  9061 | D:7      | Found a glowing silver altar of Zin.
  9108 | D:7      | Reached *** piety under Okawaru
  9328 | D:7      | Found an ornate altar of the Wu Jian Council.
  9328 | D:7      | Found a burning altar of Makhleb.
  9330 | D:7      | Found a bloodstained altar of Trog.
  9332 | D:7      | Found a stormy altar of Qazlal.
  9466 | Temple   | Entered the Ecumenical Temple
  9896 | D:8      | Reached skill level 5 in Invocations
 10244 | D:8      | Found a shimmering blue altar of Sif Muna.
 10350 | D:9      | Reached **** piety under Okawaru
 10353 | D:9      | Reached XP level 10. HP: 32/80 MP: 15/17
 10993 | D:9      | Found an ancient bone altar of Kikubaaqudgha.
 11105 | D:9      | Identified the +2 chain mail "Ewyefud" {rElec rN+ rCorr}
 11179 | D:9      | Reached skill level 5 in Short Blades
 11179 | D:9      | Reached skill level 5 in Long Blades
 11179 | D:9      | Reached skill level 5 in Axes
 11179 | D:9      | Reached skill level 5 in Polearms
 11179 | D:9      | Reached skill level 5 in Staves
 11179 | D:9      | Reached skill level 5 in Slings
 11179 | D:9      | Reached skill level 5 in Bows
 11179 | D:9      | Reached skill level 5 in Crossbows
 11179 | D:9      | Reached skill level 5 in Throwing
 11179 | D:9      | Reached skill level 5 in Dodging
 11179 | D:9      | Reached skill level 5 in Stealth
 11179 | D:9      | Reached skill level 5 in Unarmed Combat
 11179 | D:9      | Reached skill level 5 in Spellcasting
 11179 | D:9      | Reached skill level 5 in Evocations
 11193 | D:9      | Received a gift from Okawaru
 12162 | D:10     | Entered Level 10 of the Dungeon
 12187 | D:10     | Noticed a two-headed ogre
 12204 | D:10     | Mangled by a two-headed ogre

Illustrated notes

Levels and vault maps discovered:
D:1:      minmay_arrival_four_circles, layout_basic
D:2:      layout_loops_ring, hellmonk_ecumenical_altar_crossroads,
          minmay_stone_trees_large
D:3:      wander_river, layout_basic, mainiacjoe_overflow_surrounded_room,
          mainiacjoe_overflow_boulevard, serial_curves, eino_curves_01,
          eino_curves_02, eino_curves_02, minmay_misc_feat_x
D:4:      minmay_skewed_foursquare, layout_loops_corners,
          nicolae_dithmenos_the_darkroom, corexii_checkpoint_a
D:5:      layout_loops_ring
D:6:      layout_loops_ring, ebering_ghost_gozag, minmay_misc_feat_plants,
          minmay_fountain_box
D:7:      layout_rooms, minitemple, minmay_temple_entry_wispy
D:8:      layout_rooms, tgw_sif, minmay_misc_feat_secret_circle
D:9:      layout_small_grid, kennysheep_mini_moat, roderic_lattice_a, hex_tiny
D:10:     layout_rooms, nicolae_hepliaklqana_hippocampus, lair_entry_dummy,
          serial_shops, nicolae_shop_trees
Temple:   dpeg_chambers_temple

Skill      XL: |  1  2  3  4  5  6  7  8  9 10 |
---------------+-------------------------------+-----
Invocations    | 1 2 3 4 5 |  5.7
Short Blades   | 1 2 3 4 5 |  5.2
Long Blades    | 1 2 3 4 5 |  5.2
Axes           | 1 2 3 4 5 |  5.2
Polearms       | 1 2 3 4 5 |  5.2
Staves         | 1 2 3 4 5 |  5.2
Slings         | 1 2 3 4 5 |  5.2
Bows           | 1 2 3 4 5 |  5.2
Crossbows      | 1 2 3 4 5 |  5.2
Throwing       | 1 2 3 4 5 |  5.2
Dodging        | 1 2 3 4 5 |  5.2
Stealth        | 1 2 3 4 5 |  5.2
Unarmed Combat | 1 2 3 4 5 |  5.2
Spellcasting   | 1 2 3 4 5 |  5.2
Evocations     | 1 2 3 4 5 |  5.2
Conjurations   | 1 2 3 4 |  4.3
Hexes          | 1 2 3 4 |  4.3
Summonings     | 1 2 3 4 |  4.3
Necromancy     | 1 2 3 4 |  4.3
Translocations | 1 2 3 4 |  4.3
Transmutations | 1 2 3 4 |  4.3
Fire Magic     | 1 2 3 4 |  4.3
Ice Magic      | 1 2 3 4 |  4.3
Air Magic      | 1 2 3 4 |  4.3
Earth Magic    | 1 2 3 4 |  4.3
Poison Magic   | 1 2 3 4 |  4.3
Maces & Flails | 5 6 7 |  7.0
Fighting       | 7 8 |  8.5
Armour         | 7 8 |  8.5
Shields        | 7 8 |  8.5

Action                   |  1- 3 |  4- 6 |  7- 9 | 10-12 || total
-------------------------+-------+-------+-------+-------++-------
Melee: Flail             |   115 |   192 |   232 |    24 ||   563
       Bite              |     8 |    17 |    52 |    15 ||    92
       Whip              |       |       |   172 |   113 ||   285
Throw: Dart              |       |       |     5 |       ||     5
       Javelin           |       |       |     1 |     1 ||     2
Invok: Heroism           |       |       |     2 |     1 ||     3
  Use: Potion            |       |       |     8 |       ||     8
Armor: Scale mail        |    36 |       |       |       ||    36
       Chain mail        |     5 |    97 |    81 |    46 ||   229
       Plate armour      |       |       |   169 |    10 ||   179
       Skin              |       |       |    17 |       ||    17
Dodge: Dodged            |    52 |    55 |   114 |    46 ||   267
Block: Buckler           |    34 |    47 |   128 |    38 ||   247
